 Dungeon Sprint DCSS version 0.20.1-1-g8b1a95d (webtiles) character file.

4040 Lanoc the Nimble (level 10, 0/89 HPs)
             Began as a Demonspawn Monk on Nov 28, 2017.
             Was the Champion of Jiyva.
             Slain by a hellwing (1 damage)
             ... while paralysed by a hornet
             ... in the Dungeon (Sprint I: "Red Sonja").
             The game lasted 00:17:21 (1626 turns).

Lanoc the Nimble (Demonspawn Monk)                  Turns: 1626, Time: 00:17:22

Health: 0/89       AC:  9    Str: 14    XL:     10   Next: 4%
Magic:  0/10       EV:  2    Int: 10    God:    Jiyva [******]
Gold:   768        SH:  0    Dex: 20    Spells: 9/9 levels left

rFire    . . .     SeeInvis +   a - +0 falchion
rCold    . . .     Gourm    .   (no shield)
rNeg     . . .     Faith    .   e - +0 troll leather armour
rPois    .         Spirit   +   (helmet restricted)
rElec    .         Reflect  .   (no cloak)
rCorr    +         Harm     .   (no gloves)
MR       .....     NoTele   +   (no boots)
Stlth    ++++......             (no amulet)
Regen    0.7/turn               (no ring)
MPRegen  0.2/turn               (no ring)

@: paralysed, lethally poisoned (0 -> -1), mesmerised, very slightly
contaminated, slowed
A: horns 1, slimy green scales 2, see invisible, agile 1, foul stench 1, shaggy
fur 1, eyeballs 1, gelatinous body 1, translucent skin 1, tendrils, jelly
absorbing missiles, magic shield, rot immunity
a: Request Jelly, Slimify, Cure Bad Mutation, Renounce Religion


You were in the Dungeon.
You worshipped Jiyva.
Jiyva was exalted by your worship.
You were completely stuffed.

You visited 1 branch You collected 768 gold pieces.

Inventory:

Hand Weapons
 a - a +0 falchion (weapon)
Armour
 e - a +0 troll leather armour (worn)
Wands
 c - a wand of lightning (8/15)
Comestibles
 b - a meat ration


   Skills:
 + Level 12.0 Fighting
 + Level 12.2 Long Blades
 + Level 5.3 Armour
 + Level 12.2 Dodging
 + Level 6.4 Stealth


You had 9 spell levels left.
You didn't know any spells.

Dungeon Overview and Level Annotations

Branches:
Dungeon (1/1)

Altars:
Cheibriados
Dithmenos
Fedhas
Gozag
Hepliaklqana
Kikubaaqudgha
Makhleb
Okawaru
Qazlal
Ru
Sif Muna
Trog
Uskayaw
Vehumet
Xom
Yredelemnul
Zin
Jiyva
Lugonu

Shops:
D :[[

Annotations:
D exclusion: oklob plant


Innate Abilities, Weirdness & Mutations

You are mostly covered in slimy green scales. (AC +3)
You may emit foul miasma when damaged in melee.
When hurt, damage is shared between your health and your magic reserves.
You are immune to rotting.
You have a pair of small horns on your head.
You have supernaturally acute eyesight. (SInv)
You are agile. (Dex +2)
You are covered in fur. (AC +1)
Your body has grown golden eyes which may confuse attackers. (Acc +3)
Your rubbery body absorbs attacks. (AC +1, EV +1)
Your translucent skin slightly reduces your foes' accuracy. (Stealth)
You are covered in slimy tendrils that may disarm your opponents.
You have a small jelly attached to you that may absorb incoming projectiles.


Message History

You hit the hornet but do no damage.
The unseen horror closely misses the hornet.
The merfolk siren chants its luring song.
The deep elf annihilator hits the floating eye but does no damage.
The hornet stings you.
* * * LOW HITPOINT WARNING * * *
You feel yourself slow down.
The floating eye's view fixates on the deep elf annihilator.
The hellwing closely misses you. The hellwing misses you.
You hit the hornet.
The hornet is lightly wounded.
The unseen horror hits the hornet.
The hornet stings you.
* * * LOW HITPOINT WARNING * * *
You are lethally poisoned!
You suddenly lose the ability to move!
The merfolk siren chants its luring song. x2
The deep elf annihilator gestures wildly while chanting.
The deep elf annihilator blinks!
The hellwing barely misses you. The hellwing hits you.
You die...

###################
#§§.§§§.§...§..#^^+
#§####§§§.§##..§^^#
#J# ##§.§#######.#
§§# ###.# $(##..#
### #.##$$$#x.##
#.J###$#@.G# §
##x#A#$#y4y§|# ..
#§.###$#ym≈.## ..#
#.##..$#y.≈## §##
#x.#+###m.≈# .#
##..x# ≈e.## ###x#
≈..# .# #..# #


You could see a deep elf annihilator, a hellwing, 2 merfolk sirens, an unseen
horror (confused), 4 hornets and a neutral floating eye (fellow slime).

Vanquished Creatures
  A centaur warrior (D)
  An unseen horror (D)
  A demonic crawler (D)
  A kobold demonologist (D)
  A hornet (D)
  Sigmund (D)
  11 hogs (D)
  An ogre (D)
  Ijyb (D)
19 creatures vanquished.

Vanquished Creatures (collateral kills)
  A centaur warrior (D)
  Sonja (D)
2 creatures vanquished.

Vanquished Creatures (others)
  2 unseen horrors (D)
  A deep troll (D)
  5 shining eyes (D)
  A gargoyle (D)
  A kobold demonologist (D)
  2 slime creatures (D)
  A yak (D)
  2 hogs (D)
  5 floating eyes (D)
  A necrophage (D)
  21 jellies (D)
  5 ballistomycetes (D)
  2 ballistomycete spores (D)
49 creatures vanquished.

Grand Total: 70 creatures vanquished

Notes
Turn   | Place    | Note
-------+----------+-------------------------------------------
     0 | D        | Lanoc the Demonspawn Monk began the quest for the Orb.
     0 | D        | Reached XP level 1. HP: 18/18 MP: 1/1
     1 | D        | Noticed Ijyb
    16 | D        | Killed Ijyb
    16 | D        | Gained mutation: You are immune to rotting. [demonic ancestry]
    16 | D        | Reached XP level 2. HP: 26/26 MP: 2/2
    54 | D        | Noticed an ogre
    62 | D        | Killed an ogre
    62 | D        | Reached skill level 5 in Fighting
    62 | D        | Reached skill level 5 in Long Blades
    62 | D        | Reached skill level 5 in Dodging
    62 | D        | Reached XP level 3. HP: 11/34 MP: 3/3
    62 | D        | Reached XP level 4. HP: 13/40 MP: 4/4
   266 | D        | Noticed Sigmund
   282 | D        | Killed Sigmund
   282 | D        | Reached XP level 5. HP: 29/48 MP: 5/5
   412 | D        | Found a burning altar of Makhleb.
   412 | D        | Found a viscous altar of Jiyva.
   412 | D        | Found a shimmering altar of Xom.
   412 | D        | Found a corrupted altar of Lugonu.
   412 | D        | Noticed a slime creature
   415 | D        | Became a worshipper of Jiyva Jowejojo the Shapeless
   415 | D        | Reached * piety under Jiyva
   415 | D        | Reached ** piety under Jiyva
   424 | D        | Reached *** piety under Jiyva
   439 | D        | Found a deep blue altar of Sif Muna.
   442 | D        | Reached **** piety under Jiyva
   454 | D        | Reached ***** piety under Jiyva
   454 | D        | Gained mutation: You have large cloven feet. [Jiyva's grace]
   461 | D        | Gained mutation: Your body has grown golden eyes which may confuse attackers. (Acc +3) [Jiyva's grace]
   480 | D        | Found a radiant altar of Vehumet.
   482 | D        | Noticed a centaur warrior
   482 | D        | Found Moesche's Armour Emporium.
   482 | D        | Found a hazy altar of Hepliaklqana.
   482 | D        | Found a hide-covered altar of Uskayaw.
   482 | D        | Noticed a yak
   482 | D        | Noticed Sonja
   502 | D        | Killed a yak
   502 | D        | Gained mutation: When hurt, damage is shared between your health and your magic reserves. [demonic ancestry]
   502 | D        | Reached XP level 6. HP: 15/56 MP: 6/6
   504 | D        | Gained mutation: You are robust. (+10% HP) [Jiyva's grace]
   504 | D        | Reached ****** piety under Jiyva
   577 | D        | Noticed a centaur warrior
   604 | D        | Gained mutation: Your translucent skin slightly reduces your foes' accuracy. (Stealth) [Jiyva's grace]
   615 | D        | Lost mutation: You are robust. (+10% HP) [Jiyva's grace]
   617 | D        | Killed a floating eye
   618 | D        | Gained mutation: Your spells are a little harder to cast, but a little more powerful. [Jiyva's grace]
   629 | D        | Gained mutation: Your body has grown many golden eyes which may confuse attackers. (Acc +5) [Jiyva's grace]
   638 | D        | Killed a slime creature
   638 | D        | Lost mutation: You have large cloven feet. [Jiyva's grace]
   639 | D        | Lost mutation: Your spells are a little harder to cast, but a little more powerful. [Jiyva's grace]
   639 | D        | Killed Sonja
   639 | D        | Gained mutation: You may emit foul miasma when damaged in melee. [demonic ancestry]
   639 | D        | Reached XP level 7. HP: 19/63 MP: 7/7
   643 | D        | Killed a centaur warrior
   643 | D        | Lost mutation: Your body has grown many golden eyes which may confuse attackers. (Acc +5) [Jiyva's grace]
   645 | D        | Gained mutation: You are agile. (Dex +2) [Jiyva's grace]
   648 | D        | Gained mutation: You are covered in slimy tendrils that may disarm your opponents. [Jiyva's grace]
   651 | D        | Gained mutation: You have a small jelly attached to you that may absorb incoming projectiles. [Jiyva's grace]
   655 | D        | Gained mutation: You are covered in fur. (AC +1) [Jiyva's grace]
   657 | D        | Noticed a deep troll
   660 | D        | Gained mutation: You have a pair of small horns on your head. [Jiyva's grace]
   675 | D        | Lost mutation: You have a pair of small horns on your head. [Jiyva's grace]
   680 | D        | Killed a deep troll
   715 | D        | Gained mutation: You are somewhat resistant to further mutation. [Jiyva's grace]
   718 | D        | Gained mutation: You have a pair of small horns on your head. [Jiyva's grace]
   728 | D        | Gained mutation: Your rubbery body absorbs attacks. (AC +1, EV +1) [Jiyva's grace]
   750 | D        | Killed a centaur warrior
   750 | D        | Reached skill level 10 in Fighting
   750 | D        | Reached skill level 10 in Long Blades
   750 | D        | Reached skill level 5 in Stealth
   750 | D        | Gained mutation: You are partially covered in slimy green scales. (AC +2) [demonic ancestry]
   750 | D        | Reached XP level 8. HP: 53/72 MP: 6/8
   760 | D        | Found Impog's Book Boutique.
   760 | D        | Noticed a shining eye
   760 | D        | Noticed a shining eye
   763 | D        | Noticed a shining eye
   764 | D        | Noticed a shining eye
   764 | D        | Noticed a shining eye
   764 | D        | Noticed a shining eye
   765 | D        | Noticed a shining eye
   765 | D        | Noticed a shining eye
   775 | D        | Found a stormy altar of Qazlal.
   775 | D        | Found a blossoming altar of Fedhas.
   776 | D        | Found a bloodstained altar of Trog.
   776 | D        | Found an iron altar of Okawaru.
   776 | D        | Found a glowing silver altar of Zin.
   784 | D        | Noticed a hornet
   798 | D        | Killed a hornet
   798 | D        | Reached skill level 1 in Armour
   798 | D        | Reached skill level 10 in Dodging
   801 | D        | Noticed an oklob plant
   841 | D        | Gained mutation: Your body has grown many golden eyes which may confuse attackers. (Acc +5) [Jiyva's grace]
   892 | D        | Noticed a kobold demonologist
   896 | D        | Noticed a soul eater
   896 | D        | Noticed a kobold demonologist
   896 | D        | Noticed a demonic crawler
   896 | D        | Noticed a demonic crawler
   896 | D        | Noticed a demonic crawler
   896 | D        | Noticed a demonic crawler
   919 | D        | Noticed an ice devil
   920 | D        | Noticed a smoke demon
   967 | D        | Killed a shining eye
   970 | D        | HP: 5/109 [demonic crawler (1)]
   972 | D        | HP: 1/109 [demonic crawler (5)]
   978 | D        | HP: 1/109 [demonic crawler (1)]
   983 | D        | Killed a demonic crawler
   990 | D        | Killed a shining eye
   994 | D        | HP: 2/111 [kobold demonologist/dagger (1)]
  1004 | D        | Killed a kobold demonologist
  1008 | D        | Killed a shining eye
  1213 | D        | Found Royblafa's Armour Emporium.
  1220 | D        | Killed a kobold demonologist
  1269 | D        | Killed a shining eye
  1272 | D        | Found a sacrificial altar of Ru.
  1273 | D        | Found an ancient bone altar of Kikubaaqudgha.
  1273 | D        | Found a basalt altar of Yredelemnul.
  1273 | D        | Found an opulent altar of Gozag.
  1273 | D        | Found a snail-covered altar of Cheibriados.
  1273 | D        | Found a shadowy altar of Dithmenos.
  1315 | D        | Killed a gargoyle
  1395 | D        | Noticed a lindwurm
  1401 | D        | Slimified a lindwurm
  1401 | D        | Noticed a slime creature
  1401 | D        | a lindwurm changed into a slime creature
  1426 | D        | Reached XP level 9. HP: 77/79 MP: 9/9
  1471 | D        | Reached skill level 5 in Armour
  1476 | D        | Lost mutation: Your body has grown many golden eyes which may confuse attackers. (Acc +5) [Jiyva's grace]
  1476 | D        | Gained mutation: You have supernaturally acute eyesight. (SInv) [Jiyva's grace]
  1476 | D        | Lost mutation: You are somewhat resistant to further mutation. [Jiyva's grace]
  1479 | D        | Lost mutation: Your translucent skin slightly reduces your foes' accuracy. (Stealth) [Jiyva's grace]
  1479 | D        | Gained mutation: Your translucent skin slightly reduces your foes' accuracy. (Stealth) [Jiyva's grace]
  1485 | D        | Killed a shining eye
  1489 | D        | Noticed a daeva
  1589 | D        | Noticed a 12-headed hydra
  1596 | D        | Noticed an unseen horror
  1596 | D        | Noticed an unseen horror
  1596 | D        | Noticed an unseen horror
  1597 | D        | Noticed an unseen horror
  1604 | D        | Slimified a 12-headed hydra
  1604 | D        | Noticed an azure jelly
  1604 | D        | a 12-headed hydra changed into an azure jelly
  1609 | D        | Killed an unseen horror
  1614 | D        | Killed an unseen horror
  1618 | D        | Noticed a merfolk siren
  1618 | D        | Noticed a deep elf annihilator
  1619 | D        | Noticed a hellwing
  1620 | D        | Noticed a merfolk siren
  1623 | D        | Killed an unseen horror
  1623 | D        | Gained mutation: You are mostly covered in slimy green scales. (AC +3) [demonic ancestry]
  1623 | D        | Reached XP level 10. HP: 7/89 MP: 0/10
  1625 | D        | HP: 4/89 [hornet (4)]
  1626 | D        | HP: 1/89 [hornet (4)]
  1626 | D        | Paralysed by a hornet for 3 turns
  1626 | D        | Slain by a hellwing

Skill      XL: |  1  2  3  4  5  6  7  8  9 |
---------------+----------------------------+-----
Fighting       | 4 5 7 8 10 12 | 12.0
Long Blades    | 4 5 7 8 10 12 | 12.2
Dodging        | 4 5 7 8 9 10 12 | 12.2
Stealth        | 2 3 4 5 6 |  6.4
Armour         | 3 5 |  5.3

Action                   |  1- 3 |  4- 6 |  7- 9 | 10-12 || total
-------------------------+-------+-------+-------+-------++-------
Melee: Falchion          |    21 |    24 |   221 |     3 ||   269
       Kick              |       |     4 |       |       ||     4
       Headbutt          |       |       |    78 |     1 ||    79
Invok: Request Jelly     |       |       |     2 |       ||     2
       Slimify           |       |       |     2 |       ||     2
  Use: Potion            |     1 |     1 |     5 |       ||     7
       Scroll            |       |       |     1 |       ||     1
 Stab: Distracted        |       |     1 |       |       ||     1
       Confused          |       |       |     4 |       ||     4
       Sleeping          |       |       |     3 |       ||     3
Armor: Robe              |     1 |       |     1 |       ||     2
       Troll leather arm |       |       |    44 |       ||    44
       Skin              |       |       |    79 |       ||    79
Dodge: Dodged            |    10 |    22 |   331 |     6 ||   369
       Rpst.: Falchion   |     1 |     2 |    77 |     1 ||    81
